 Dungeon Crawl Stone Soup version 0.17.1-3-g152610e (webtiles) character file.

133 jacquesderrida the Caller (level 4, -9/30 HPs)
             Began as a Demonspawn Summoner on Apr 7, 2016.
             Mangled by bollicks1999's ghost (14 damage)
             ... in an ossuary.
             The game lasted 00:10:48 (1606 turns).

jacquesderrida the Caller (Demonspawn Summoner)     Turns: 1606, Time: 00:10:48

Health: -9/30      AC: 10    Str:  9    XL:     4   Next: 93%
Magic:  1/7        EV: 12    Int: 16    God:
Gold:   131        SH:  0    Dex: 14    Spells: 3 memorised, 1 level left

rFire  . . .     SeeInvis .     k - +2 whip (elec)
rCold  . . .     Clarity  .     a - +1 robe
rNeg   . . .     SustAt   .     (no shield)
rPois  .         Gourm    .     (no helmet)
rElec  .         Spirit   .     (no cloak)
rCorr  .         Warding  .     p - +2 pair of gloves
rMut   +         Stasis   .     (no boots)
MR     .....                    j - amulet of resist mutation
Stlth  ++........               (no ring)
                                h - ring of invisibility

@: flying, very slightly contaminated, hasted, very quick, not resistant to
hostile enchantments, unstealthy
A: iridescent scales 1, powered by death 1
a: Evoke Invisibility


You were in an ossuary.
You were very hungry.

You visited 1 branch of the dungeon, and saw 5 of its levels.
You also visited: Ossuary.

You collected 131 gold pieces.

Inventory:

Hand Weapons
 i - a +0 whip
 k - a +2 whip of electrocution (weapon)
Missiles
 d - 22 poisoned needles
 w - 4 javelins (quivered)
Armour
 a - a +1 robe (worn)
 p - a +2 pair of gloves (worn)
Jewellery
 h - a ring of invisibility (left hand)
 j - an amulet of resist mutation (around neck)
Wands
 r - a wand of paralysis (14)
Scrolls
 e - a scroll of identify
 s - 2 scrolls of teleportation
 t - a scroll of remove curse
Potions
 l - a potion of curing {unknown}
 n - a potion of agility {unknown}
Books
 b - a book of Callings

   Spells                             Type                      Level
   a - Summon Small Mammal            Summoning                    1
   b - Call Imp                       Summoning                    2
   c - Call Canine Familiar           Summoning                    3
   d - Summon Guardian Golem          Hexes/Summoning              3
   e - Summon Lightning Spire         Summoning/Air                4
   f - Summon Ice Beast               Ice/Summoning                4
Comestibles
 c - 6 bread rations
 f - a royal jelly
 u - 2 chunks of flesh
 x - a beef jerky


   Skills:
 + Level 0.0 Maces & Flails
 - Level 1.7 Dodging
 - Level 1.7 Stealth
 + Level 2.0 Spellcasting
 + Level 6.3 Summonings


You had one spell level left.
You knew the following spells:

 Your Spells              Type           Power        Failure   Level  Hunger
a - Summon Small Mammal   Summ           ###.         1%          1    #......
b - Call Imp              Summ           ###.....     2%          2    ###....
c - Call Canine Familiar  Summ           ###.....     6%          3    ###....


Dungeon Overview and Level Annotations

Branches:
Dungeon (5/15)
 Temple: D:4-7

Altars:
Fedhas
Ru
Sif Muna
Xom

Annotations:
D:2 Sigmund Ossuary bollicks1999's ghost, novice MiFi


Innate Abilities, Weirdness & Mutations

You are partially covered in iridescent scales (AC +4).
You regenerate a little health from kills.


Message History

The human zombie hits you but does no damage.
The mummy closely misses you.
You hit bollicks1999's ghost.
Bollicks1999's ghost is moderately damaged.
Bollicks1999's ghost barely misses you.
You hit bollicks1999's ghost.
There is a sudden explosion of sparks!
Bollicks1999's ghost is severely damaged.
The human zombie closely misses you. The mummy closely misses you.
You hit bollicks1999's ghost but do no damage.
Bollicks1999's ghost is severely damaged.
Bollicks1999's ghost hits you!
* * * LOW HITPOINT WARNING * * *
Your crimson imp closely misses bollicks1999's ghost.
The elf zombie hits you but does no damage.
The human zombie closely misses you.
Drink which item? (? for menu, Esc to quit)
It was a potion of flight.
You feel very buoyant.
You fly up into the air.
Bollicks1999's ghost hits you!
You die...

##################
......∩∩.........#
.................#
##############5Z.#
#@W.# #ZM.# #Z..#
#...# #...# #.Z
#...# ##Z. #...#
... #...# #.Z
#...#


You could see a mummy, bollicks1999's ghost, an elf zombie, 2 human zombies and
a friendly crimson imp.

Vanquished Creatures
  An orc (D:4)
  3 bats
  3 giant cockroaches
  2 goblins
  A hobgoblin (D:3)
  3 kobolds
  2 giant newts
  3 hobgoblin zombies (Ossuary)
  2 kobold zombies (Ossuary)
  2 orc zombies (Ossuary)
  A rat (D:2)
23 creatures vanquished.

Vanquished Creatures (collateral kills)
  An ogre (D:5)
  A hound (D:4)
  A worker ant (D:4)
  An iguana (D:4)
  An adder (D:4)
  A worm (D:2)
  A giant gecko (D:2)
  A bat (D:2)
  3 giant cockroaches
  3 hobgoblins (D:1)
  4 giant newts
  3 goblins
  A hobgoblin zombie (Ossuary)
  2 kobolds
  A kobold zombie (Ossuary)
  2 orc zombies (Ossuary)
  2 rats
29 creatures vanquished.

Grand Total: 52 creatures vanquished

Notes
Turn   | Place    | Note
--------------------------------------------------------------
     0 | D:1      | jacquesderrida the Demonspawn Summoner began the quest for the Orb.
     0 | D:1      | Reached XP level 1. HP: 13/13 MP: 3/3
   264 | D:2      | Noticed Sigmund
   347 | D:1      | Gained mutation: You are partially covered in iridescent scales (AC +4). [demonic ancestry]
   347 | D:1      | Reached XP level 2. HP: 5/19 MP: 0/5
   427 | D:1      | Learned a level 2 spell: Call Imp
   831 | D:2      | Found a sacrificial altar of Ru.
   831 | D:2      | Found a blossoming altar of Fedhas.
   832 | D:2      | Found a shimmering altar of Xom.
  1003 | D:3      | Found a sacrificial altar of Ru.
  1033 | D:3      | Reached skill level 5 in Summonings
  1079 | D:4      | Reached XP level 3. HP: 24/24 MP: 0/6
  1158 | D:4      | Gained mutation: You regenerate a little health from kills. [demonic ancestry]
  1158 | D:4      | Reached XP level 4. HP: 30/30 MP: 3/7
  1159 | D:4      | Noticed an ogre
  1166 | D:5      | Entered Level 5 of the Dungeon
  1185 | D:5      | Killed an ogre
  1185 | D:5      | Reached skill level 6 in Summonings
  1212 | D:5      | Found a deep blue altar of Sif Muna.
  1353 | D:5      | Learned a level 3 spell: Call Canine Familiar
  1473 | D:5      | Noticed a phantom
  1498 | D:5      | GDE!!!!!!!!!!
  1508 | D:5      | Found a sand-covered staircase.
  1513 | Ossuary  | Entered an ossuary
  1557 | Ossuary  | Noticed bollicks1999's ghost (novice MiFi)
  1606 | Ossuary  | Mangled by bollicks1999's ghost

Action                   |  1- 3 |  4- 6 || total
-------------------------+-------+-------++-------
Melee: Club              |     3 |       ||     3
       Whip              |    39 |    35 ||    74
 Cast: Summon Small Mamm |    22 |       ||    22
       Call Imp          |    13 |     4 ||    17
       Call Canine Famil |       |     5 ||     5
  Use: Scroll            |     4 |     3 ||     7
       Potion            |       |     5 ||     5
 Stab: Sleeping          |     1 |       ||     1
  Eat: Chunk             |     1 |     2 ||     3
